 Dungeon Crawl Stone Soup version 0.29.0-11-gd7f09526c8 (webtiles) character file.

Game seed: 759496530053567436

16912 robertstho the Grappler (level 12, 0/91 (97) HPs)
             Began as a Vine Stalker Berserker on Sept 2, 2022.
             Was an Elder of Trog.
             Slain by Sonja
             ... wielding a +2 dagger of draining
              (2 damage)
             ... on level 11 of the Dungeon.
             The game lasted 00:17:38 (10207 turns).

robertstho the Grappler (Vine Stalker Berserker)   Turns: 10207, Time: 00:17:39

HP:   0/91 (97)     AC: 14    Str: 24    XL:     12   Next: 42%
MP:   0/13          EV: 11    Int:  7    God:    Trog [****..]
Gold: 709           SH:  8    Dex: 15    Spells: 11/11 levels left

rFire   . . .      SeeInvis .     - Unarmed
rCold   + . .      Faith    .   K - +0 kite shield
rNeg    . . .      Spirit   +   a - +0 swamp dragon scales
rPois   +          Reflect  .   (no helmet)
rElec   .          Harm     .   b - +0 cloak
rCorr   +          Rampage  .   c - +0 pair of gloves
Will    +....                   l - +0 pair of boots
Stlth   ..........              (no amulet)
HPRegen 1.05/turn               g - ring of protection from cold
MPRegen 0.13/turn               N - ring of resist corrosion

@: berserking (expiring), drained, very quick
A: fangs 3, regeneration 1, magic shield, antimagic bite, no potion heal 2
a: Renounce Religion, Berserk, Trog's Hand, Brothers in Arms


You were on level 11 of the Dungeon.
You worshipped Trog.
Trog was greatly pleased with you.
You visited 1 branch of the dungeon, and saw 13 of its levels.

You collected 709 gold pieces.

Inventory:

Hand Weapons
 O - a +2 scimitar of flaming
Missiles
 H - a throwing net (quivered)
Armour
 a - +0 swamp dragon scales (worn)
 b - a +0 cloak (worn)
 c - a +0 pair of gloves (worn)
 l - a +0 pair of boots (worn)
 K - a +0 kite shield (worn)
Jewellery
 g - a ring of protection from cold (left hand)
 m - a ring of positive energy
 B - a ring of poison resistance
 N - a ring of resist corrosion (right hand)
Wands
 x - a wand of iceblast (21)
 y - a wand of polymorph (9)
 A - a wand of paralysis (19)
 C - a wand of flame (34)
 J - a wand of mindburst (7)
 M - a wand of acid (4)
Scrolls
 d - 4 scrolls of immolation
 j - 4 scrolls of poison
 p - a scroll of torment {unknown}
 q - a scroll of brand weapon {unknown}
 r - 6 scrolls of teleportation
 t - 2 scrolls of enchant weapon {unknown}
 u - 2 scrolls of blinking {unknown}
 v - a scroll of fear
 D - a scroll of magic mapping {unknown}
 F - a scroll of enchant armour {unknown}
Potions
 e - 3 potions of curing {unknown}
 f - 5 potions of brilliance
 h - 3 potions of attraction {unknown}
 i - a potion of degeneration
 k - a potion of cancellation {unknown}
 n - a potion of invisibility {unknown}
 o - 2 potions of lignification {unknown}
 s - 2 potions of haste {unknown}
 w - a potion of might
 z - 8 potions of flight
 E - a potion of resistance {unknown}
 G - a potion of magic {unknown}
 I - a potion of berserk rage {unknown}
 L - 2 potions of ambrosia


   Skills:
 * Level 8.4 Fighting
 * Level 9.2 Armour
 + Level 4.8 Dodging
 + Level 2.1 Stealth
 + Level 2.7 Shields
 + Level 13.3 Unarmed Combat
 + Level 1.0 Evocations


You had 11 spell levels left.
You didn't know any spells.
Your spell library was empty.

Dungeon Overview and Level Annotations

Branches:
Dungeon (13/15)            Temple (0/1) D:4            Lair (0/5) D:10
    Orc (0/2) D:12
 Vaults: D:13-14

Altars:
Dithmenos
Elyvilon
Hepliaklqana
Kikubaaqudgha
Makhleb
Nemelex Xobeh
Vehumet
Xom
Yredelemnul
The Shining One

Shops:
D:8 *

Annotations:
D:11 Sonja
D:13 1 transporter


Innate Abilities, Weirdness & Mutations

You have razor-sharp teeth.
Your natural rate of healing is unusually fast.
When hurt, damage is shared between your health and your magic reserves.
Your bite disrupts and absorbs the magic of your enemies.
Potions cannot restore your health.


Message History

The skeletal warrior is heavily damaged.
Sonja barely misses you. Sonja closely misses you. You block Sonja's attack.
You block the skeletal warrior's attack.
The skeletal warrior hits you with a +0 flail!
Unknown command.
You miss Sonja. Your bite misses Sonja.
Your ogre hits the skeletal warrior with a +0 giant club!
Sonja hits you but does no damage.
You feel drained. Sonja hits you but does no damage.
You feel drained. Sonja barely misses you.
The skeletal warrior hits you from afar with a +0 halberd!
The skeletal warrior hits you with a +0 flail!
* * * LOW HITPOINT WARNING * * *
You punch Sonja! Your bite misses Sonja.
Sonja is moderately wounded.
Sonja plants her feet in a plie.
Sonja barely misses you.
Sonja hits you with a +2 dagger of draining.
* * * LOW HITPOINT WARNING * * *
You feel drained.
Sonja hits you with a +2 dagger of draining.
* * * LOW HITPOINT WARNING * * *
You feel drained.
* * * LOW HITPOINT WARNING * * *
Your ogre hits the skeletal warrior with a +0 giant club!!
The skeletal warrior is destroyed!
Trog accepts your kill.
Your life force feels restored.
You miss Sonja. Your bite misses Sonja.
Sonja is moderately wounded.
You block the skeletal warrior's attack.
Sonja hits you but does no damage.
You feel drained. Sonja closely misses you.
Sonja hits you with a +2 dagger of draining.
* * * LOW HITPOINT WARNING * * *
You feel drained.
* * * LOW HITPOINT WARNING * * *
Your ogre completely misses the skeletal warrior.
Sonja hits you with a +2 dagger of draining!
* * * LOW HITPOINT WARNING * * *
You feel drained.
You die...

.......# #........# #......#
#........# #......# +.......<#
#......# #........# #...$..#
#........# #.z)...# #........#
#+# #..O)..# #........# #.#
#......# #........# #.# ###K@.##
##+####### #.# #####..##### #.#
#..........# ###+##### #.#
#..........# #........ #'#####
#.........)# #......<. ......#
#..........# #........ ......#
#..........# #........
....>.####..........#####........
......##.'..........##..†........


You could see a skeletal warrior (ally target), Sonja and a friendly ogre
(summoned, berserk).

Vanquished Creatures
  Erica (D:11)
  2 two-headed ogres
  2 skeletal warriors
  Pikel (D:5)
  A manticore (D:12)
  A deep elf pyromancer (D:13)
  4 slime creatures (D:13)
  2 cyclopes (D:12)
  An efreet (D:13)
  Maggie (D:7)
  A kobold demonologist (D:11)
  4 trolls
  A hornet (D:8)
  5 wraiths
  A wyvern (D:8)
  A yak (D:10)
  A human (D:12)
  An unseen horror simulacrum (D:9)
  11 vampire mosquitoes
  Menkaure (D:5)
  2 water moccasins (D:7)
  Duvessa (D:5)
  2 acid dragons (D:8)
  An ice beast (D:6)
  A sky beast (D:6)
  3 orc warriors
  2 ogres
  3 black bears
  6 centaurs
  A kobold brigand (D:9)
  A lemure (D:5)
  A gnoll sergeant (D:8)
  3 bullfrogs
  A necrophage (D:7)
  2 scorpions (D:5)
  8 wights
  Dowan (D:5)
  5 howler monkeys
  A spectral centaur (D:9)
  5 hounds
  13 orc priests
  2 jellies
  Natasha (D:2)
  A gnoll bouda (D:4)
  2 iguanas
  9 orc wizards
  A centaur simulacrum (D:9)
  A spectral howler monkey (D:9)
  8 gnolls
  2 adders
  A shadow imp (D:7)
  A white imp (D:5)
  3 worms
  44 orcs
  3 bats (D:2)
  4 endoplasms
  7 giant cockroaches
  2 goblins (D:2)
  9 hobgoblins
  6 jackals (D:1)
  18 kobolds
  6 quokkas
  6 ball pythons
  7 frilled lizards
  9 rats
259 creatures vanquished.

Vanquished Creatures (collateral kills)
  2 skeletal warriors (D:11)
  A manticore (D:12)
  A cyclops (D:12)
  A warg (D:12)
  An orc warrior (D:12)
  A kobold brigand (D:9)
  2 orc priests (D:12)
  2 orc wizards (D:12)
  3 orcs (D:12)
14 creatures vanquished.

Vanquished Creatures (others)
  8 fungi (D:10)
  3 plants (D:10)
  19 withered plants (D:9)
30 creatures vanquished.

Grand Total: 303 creatures vanquished

Notes
Turn   | Place    | Note
-------+----------+-------------------------------------------
     0 | D:1      | robertstho the Vine Stalker Berserker began the quest for
                  | the Orb.
     0 | D:1      | Reached XP level 1. HP: 11/11 MP: 2/2
   184 | D:1      | Found a faded altar of an unknown god.
   185 | D:1      | Noticed a shining eye
   188 | D:1      | Noticed a great orb of eyes
   202 | D:1      | Reached XP level 2. HP: 13/16 MP: 0/3
   203 | D:1      | Noticed a shining eye
  1231 | D:1      | Noticed a golden eye
  1503 | D:2      | Reached XP level 3. HP: 20/20 MP: 4/4
  2227 | D:2      | Noticed Natasha
  2237 | D:2      | Killed Natasha
  2237 | D:2      | Reached ** piety under Trog
  2238 | D:2      | Gained mutation: Your natural rate of healing is unusually
                  | fast. [Vine Stalker growth]
  2238 | D:2      | Reached XP level 4. HP: 22/24 MP: 5/5
  2756 | D:3      | Reached skill level 4 in Unarmed Combat
  2771 | D:3      | Reached skill level 1 in Stealth
  2771 | D:3      | Reached XP level 5. HP: 15/28 MP: 6/6
  3456 | D:4      | Found a sparkling altar of Nemelex Xobeh.
  3487 | D:4      | Found a white marble altar of Elyvilon.
  3524 | D:4      | Noticed an ogre
  3532 | D:4      | Killed an ogre
  3533 | D:4      | Reached XP level 6. HP: 33/33 MP: 7/7
  3593 | D:4      | Found a staircase to the Ecumenical Temple.
  3631 | D:4      | Identified the +7 dagger of the Solstice {venom, rPois}
  3639 | D:4      | Found a shimmering altar of Xom.
  3738 | D:4      | Reached skill level 5 in Unarmed Combat
  4008 | D:4      | Reached XP level 7. HP: 33/37 MP: 6/8
  4177 | D:5      | Entered Level 5 of the Dungeon
  4179 | D:5      | Noticed Pikel
  4190 | D:5      | Killed Pikel
  4191 | D:5      | Reached skill level 6 in Unarmed Combat
  4191 | D:5      | Gained mutation: You have razor-sharp teeth. [Vine Stalker
                  | growth]
  4191 | D:5      | Reached XP level 8. HP: 42/42 MP: 9/9
  4520 | D:5      | Reached skill level 5 in Armour
  4565 | D:5      | Noticed Menkaure
  4571 | D:5      | Killed Menkaure
  4640 | D:5      | Noticed Dowan
  4647 | D:5      | Reached *** piety under Trog
  4657 | D:5      | Killed Dowan
  4658 | D:5      | Reached skill level 5 in Fighting
  4658 | D:5      | Reached skill level 7 in Unarmed Combat
  4658 | D:5      | Noticed Duvessa
  4673 | D:5      | Killed Duvessa
  4766 | D:5      | Found a radiant altar of Vehumet.
  4827 | D:5      | Reached XP level 9. HP: 47/47 MP: 8/10
  5000 | D:6      | Reached skill level 8 in Unarmed Combat
  5671 | D:6      | Found a burning altar of Makhleb.
  5762 | D:6      | Found an ancient bone altar of Kikubaaqudgha.
  6014 | D:7      | Reached **** piety under Trog
  6055 | D:7      | Noticed Maggie
  6056 | D:7      | Found a hazy altar of Hepliaklqana.
  6068 | D:7      | Killed Maggie
  6069 | D:7      | Reached skill level 9 in Unarmed Combat
  6126 | D:7      | Reached XP level 10. HP: 47/53 MP: 11/11
  6669 | D:8      | Found a glowing golden altar of the Shining One.
  6751 | D:8      | Noticed a two-headed ogre
  6756 | D:8      | Killed a two-headed ogre
  6757 | D:8      | Reached skill level 10 in Unarmed Combat
  6931 | D:8      | Found Ykuger's General Store.
  7548 | D:9      | Noticed a skeletal warrior
  7574 | D:9      | Killed a skeletal warrior
  7604 | D:9      | Reached skill level 11 in Unarmed Combat
  7604 | D:9      | Reached XP level 11. HP: 18/58 MP: 4/12
  7739 | D:9      | Found a shadowy altar of Dithmenos.
  7824 | D:9      | Found a basalt altar of Yredelemnul.
  8013 | D:9      | Found the +4 dagger "Morg" {pain, Will+ Int+5}
  8081 | D:10     | Entered Level 10 of the Dungeon
  8183 | D:10     | Noticed a two-headed ogre
  8194 | D:10     | Killed a two-headed ogre
  8198 | D:10     | Reached skill level 1 in Evocations
  8217 | D:10     | Found a staircase to the Lair.
  8801 | D:11     | Noticed Erica
  8810 | D:11     | Killed Erica
  8864 | D:11     | You fall into a shaft and drop 2 floors!
  8995 | D:13     | Reached skill level 12 in Unarmed Combat
  8999 | D:13     | Reached ***** piety under Trog
  9032 | D:13     | Noticed a deep elf pyromancer
  9053 | D:13     | Killed a deep elf pyromancer
  9117 | D:13     | Found a transporter.
  9160 | D:12     | Noticed a cyclops
  9168 | D:12     | Killed a cyclops
  9169 | D:12     | Reached skill level 1 in Shields
  9169 | D:12     | Noticed a cyclops
  9184 | D:12     | Killed a cyclops
  9200 | D:12     | Noticed a manticore
  9202 | D:12     | Killed a manticore
  9221 | D:12     | Found a staircase to the Orcish Mines.
  9439 | D:12     | Reached XP level 12. HP: 57/64 MP: 11/13
  9567 | D:12     | Reached skill level 13 in Unarmed Combat
  9872 | D:11     | Noticed Sonja
 10207 | D:11     | HP: 2/94 [Sonja/+2 dagger of draining (8)]
 10207 | D:11     | Slain by Sonja

Illustrated notes

Levels and vault maps discovered:
D:1:      tarquinn_simple_flora_water_f, layout_basic,
          hellmonk_ecumenical_altar_watching_god
D:2:      minmay_thinvault, layout_loops_corners, uniq_natasha
D:3:      layout_loops_cross
D:4:      layout_cave_pools, nemelex_xobeh_ov_fountains_minmay,
          elyvilon_altar_5, mainiacjoe_overflow_alcove_2,
          minmay_temple_entry_ruins, st_stairs_3,
          nicolae_kite_square_tiling_tiny
D:5:      layout_loops_ring, vehumet_altar_wand_db, uniq_pikel, uniq_duvessa,
          uniq_menkaure
D:6:      layout_cave_pools, mainiacjoe_overflow_surrounded_room,
          kennysheep_mini, kennysheep_small_spiral
D:7:      layout_basic, nicolae_hepliaklqana_hippocampus, abandoned_shop,
          st_stairs_7, uniq_maggie
D:8:      layout_gridville, mainiacjoe_overflow_chevrons, serial_shops, shop,
          hangedman_decor_riveting, grunt_ministairs_14, minmay_misc_feat_plants
D:9:      layout_cave_pools, mainiacjoe_overflow_catwalk,
          mainiacjoe_overflow_24_doors, dilly_guarded_unrand_morg
D:10:     layout_grid_maze, grunt_lair_entry_orc_guard_hut
D:11:     layout_roguey, nicolae_titane, uniq_sonja, uniq_erica
D:12:     layout_loops_ring, erik_orc_4
D:13:     layout_loops_cross, david_vaults_1, nicolae_trove_entry_crystal,
          nicolae_diode_basic

Skill      XL: |  1  2  3  4  5  6  7  8  9 10 11 12 |
---------------+-------------------------------------+-----
Fighting       | 3 4 5 6 7 8 |  8.4
Armour         | 2 3 4 5 7 8 9 |  9.2
Dodging        | 2 3 4 |  4.8
Unarmed Combat | 4 5 6 7 9 11 12 13 | 13.3
Stealth        | 1 2 |  2.1
Evocations     | 1 |  1.0
Shields        | 1 2 |  2.7

Action                   |  1- 3 |  4- 6 |  7- 9 | 10-12 || total
-------------------------+-------+-------+-------+-------++-------
Melee: Unarmed           |    86 |   159 |   219 |   370 ||   834
       Bite              |    13 |    40 |    67 |   120 ||   240
       Punch             |     2 |     4 |    12 |    20 ||    38
Invok: Berserk           |     1 |     5 |     6 |    13 ||    25
       Brothers in Arms  |       |       |       |     3 ||     3
Evoke: Wand              |       |       |       |     2 ||     2
  Use: Potion            |       |     3 |       |       ||     3
       Scroll            |       |       |     7 |     2 ||     9
 Stab: Sleeping          |     1 |     1 |     1 |       ||     3
Armor: Animal skin       |    15 |    13 |       |       ||    28
       Chain mail        |       |    78 |    86 |       ||   164
       Swamp dragon scal |       |       |       |   175 ||   175
Dodge: Dodged            |    41 |    80 |    71 |   201 ||   393
Block: Kite shield       |       |       |       |    83 ||    83
